 Dungeon Crawl Stone Soup version 0.27-a0-1591-gc56fcc985a (webtiles) character file.

Game seed: 9138307074954960343

1878 Shayle the Fighter (level 9, -3/71 HPs)
             Began as a Djinni Warper on July 19, 2021.
             Was an Initiate of Makhleb.
             Slain by a lemure (7 damage)
             ... led by Pikel
             ... on level 8 of the Dungeon.
             The game lasted 00:20:22 (9632 turns).

Shayle the Fighter (Djinni Warper)                  Turns: 9632, Time: 00:20:23

Health: -3/71      AC:  9    Str: 13 (15) XL:     9   Next: 36%
Gold:   231        EV: 13    Int: 18 (19) God:    Makhleb [......] SH:  0 Dex:  9 (12)

rFire    + . .     SeeInvis .   m - +2 rapier (drain)
rCold    x . .     Faith    .   (no shield)
rNeg     + . .     Spirit   .   b - +1 leather armour
rPois    ∞         Reflect  .   x - +2 hat
rElec    .         Harm     .   (no cloak)
rCorr    +         Rampage  .   k - +2 pair of gloves
Will     .....                  (boots unavailable)
Stlth    +.........             (no amulet)
HPRegen  0.21/turn              D - ring of resist corrosion
MPRegen  0.00/turn              B - ring of Sunlight {rF- rN+ rCorr Str+5}

@: flying, very slightly contaminated
A: sickness immunity, fire resistance 2, cold vulnerability 1, float, innate
caster, hp casting, extra vitality 1
a: Renounce Religion


You were on level 8 of the Dungeon.
You worshipped Makhleb.
Makhleb was noncommittal.
You visited 2 branches of the dungeon, and saw 9 of its levels.
You also visited: Sewer.

You collected 231 gold pieces.

Inventory:

Hand Weapons
 a - a +0 mace
 m - a +2 rapier of draining (weapon)
 A - a +1 long sword of holy wrath
Missiles
 d - 5 boomerangs of dispersal (quivered)
 n - a curare-tipped dart
 y - 2 silver boomerangs
 z - 4 boomerangs
Armour
 b - a +1 leather armour (worn)
 k - a +2 pair of gloves (worn)
 x - a +2 hat (worn)
Jewellery
 h - an amulet of magic regeneration
 B - the ring of Sunlight (right hand) {rF- rN+ rCorr Str+5}
   (You acquired it on level 8 of the Dungeon)

   [ring of positive energy]

   Str:       It affects your strength (+5).
   rF:        It makes you vulnerable to fire.
   rN:        It protects you from negative energy.
   rCorr:     It protects you from acid and corrosion.
 D - a ring of resist corrosion (left hand)
Wands
 l - a wand of acid (3)
 u - a wand of flame (16)
 v - a wand of iceblast (9)
Scrolls
 c - 2 scrolls of blinking
 e - 3 scrolls of teleportation
 i - 3 scrolls of identify
 C - a scroll of fog
 E - a scroll of fear {unknown}
Potions
 f - 2 potions of invisibility
 g - a potion of ambrosia {unknown}
 j - 2 potions of mutation
 o - 2 potions of magic
 p - a potion of heal wounds {unknown}
 q - a potion of haste {unknown}
 r - a potion of brilliance
 s - 2 potions of degeneration
 t - a potion of might {unknown}
 w - a potion of attraction {unknown}


   Skills:
 * Level 8.5 Fighting
 - Level 1.5 Maces & Flails
 - Level 0.7 Throwing
 - Level 1.0 Armour
 + Level 6.7 Dodging
 - Level 2.4 Spellcasting
 + Level 2.8 Invocations
 + Level 4.3 Evocations


You couldn't memorise any spells.
You knew the following spells:

 Your Spells              Type           Power      Damage    Failure   Level
a - Blink                 Tloc           N/A        N/A       12%         2
b - Lesser Beckoning      Tloc           5%         N/A       24%         3
c - Gell's Gravitas       Tloc           5%         N/A       24%         3
d - Teleport Other        Tloc           10%        N/A       24%         3
e - Manifold Assault      Tloc           10%        N/A       92%         5
f - Pain                  Necr           40%        1d6       9%          1
g - Wereblood             Tmut           10%        N/A       12%         2
h - Passwall              Tmut/Erth      8%         N/A       12%         2
i - Animate Dead          Necr           5%         N/A       63%         4
Your spell library was empty.

Dungeon Overview and Level Annotations

Branches:
Dungeon (8/15)             Temple (1/1) D:6           Sewer (visited)
   Lair: D:8-11

Altars:
Ashenzari
Cheibriados
Dithmenos
Elyvilon
Fedhas
Gozag
Hepliaklqana
Kikubaaqudgha
Makhleb
Nemelex Xobeh
Okawaru
Qazlal
Ru
Sif Muna
Trog
Vehumet
Wu Jian
Xom
Yredelemnul
Zin
The Shining One

Shops:
D:5 ?

Annotations:
D:8 Erica, Pikel


Innate Abilities, Weirdness & Mutations

You are immune to sickness and miasma.
You are immune to poison.
Your flesh is very heat resistant. (rF++)
You are vulnerable to cold. (rC-)
You float through the air rather than walking.
You learn spells naturally, not from books.
Your magical power is your life essence.
You have superior vitality. (+4 HP)


Message History

Pikel hits you with a +0 whip of flaming!
* * * LOW HITPOINT WARNING * * *
Pikel burns you.
* * * LOW HITPOINT WARNING * * *
You strike the helpless Pikel from behind!
You puncture Pikel! You drain Pikel.
Pikel is almost dead.
The lemure misses you. Pikel barely misses you.
Unknown command.
You hit Pikel but do no damage.
Pikel is almost dead.
The lemure closely misses you. Pikel misses you.
The lemure hits you but does no damage.
Unknown command.
You completely miss Pikel.
Pikel is almost dead.
You flicker back into view.
The lemure hits you.
* * * LOW HITPOINT WARNING * * *
Pikel barely misses you. The lemure closely misses you. The lemure misses you.
Unknown command.
You hit Pikel.
Pikel is almost dead.
Pikel hits you with a +0 whip of flaming.
* * * LOW HITPOINT WARNING * * *
Pikel burns you.
* * * LOW HITPOINT WARNING * * *
The lemure closely misses you. x2
It was a potion of degeneration.
There was something very wrong with that liquid.
You feel weakened.
You feel dopey.
You feel clumsy. Pikel misses you. The lemure hits you.
* * * LOW HITPOINT WARNING * * *
The lemure hits you but does no damage.
You hit Pikel but do no damage. You drain Pikel.
Pikel is almost dead.
Pikel hits you with a +0 whip of flaming.
* * * LOW HITPOINT WARNING * * *
The lemure closely misses you. The lemure hits you!
You die...

##..## ##...#..#
#..## ##.....#
##...####...###.#
###.....#....## #
.............##
......####....######
....## ##.........
#..# ##.5...#### #..
#.@##### #. #5K#
##.## ..######..# #
...........#
#####...........#
...#............##
.................##
###
..................###
##.#


You could see Pikel (drained) and 2 lemures.

Vanquished Creatures
  Eustachio (D:5)
  2 ogres (D:5)
  A sky beast (D:7)
  A black bear (D:6)
  An ice beast (D:5)
  A necrophage (D:3)
  A centaur (D:5)
  2 lemures (D:8)
  A phantom (D:3)
  A kobold brigand (Sewer)
  A bullfrog (D:8)
  A gnoll sergeant (D:5)
  2 scorpions
  A water moccasin skeleton (D:4)
  A wight (D:7)
  A centaur zombie (D:7)
  A centaur skeleton (D:6)
  A jelly (D:3)
  A bullfrog skeleton (D:5)
  An orc priest (D:4)
  Jessica (D:3)
  4 iguanas
  4 orc wizards
  A howler monkey skeleton (D:6)
  4 adders
  8 gnolls
  A white imp (D:7)
  5 dart slugs
  14 orcs
  7 bats
  3 endoplasms
  3 giant cockroaches
  A goblin (D:1)
  6 hobgoblins
  11 jackals
  21 kobolds
  3 quokkas
  14 ball pythons
  4 frilled lizards
  8 rats
146 creatures vanquished.

Vanquished Creatures (others)
  2 kobolds (D:8)
  2 plants (Sewer)
4 creatures vanquished.

Grand Total: 150 creatures vanquished

Notes
Turn   | Place    | Note
-------+----------+-------------------------------------------
     0 | D:1      | Shayle the Djinni Warper began the quest for the Orb.
     0 | D:1      | Reached XP level 1. HP: 18/18 MP: 0/0
   282 | D:1      | Reached XP level 2. HP: 20/24 MP: 0/0
   893 | D:1      | Reached XP level 3. HP: 25/29 MP: 0/0
   893 | D:1      | Learned a level 1 spell: Pain
   972 | D:1      | Reached skill level 3 in Fighting
  2093 | D:2      | Reached XP level 4. HP: 29/35 MP: 0/0
  2982 | D:2      | Found a faded altar of an unknown god.
  3083 | D:3      | Noticed a necrophage
  3099 | D:3      | Killed a necrophage
  3100 | D:3      | Reached skill level 4 in Fighting
  3100 | D:3      | Reached XP level 5. HP: 35/42 MP: 0/0
  3100 | D:3      | Learned a level 2 spell: Wereblood
  3275 | D:3      | Noticed Jessica
  3281 | D:3      | Killed Jessica
  3282 | D:3      | Reached XP level 6. HP: 46/49 MP: 0/0
  3293 | D:3      | Found a glowing drain.
  3306 | Sewer    | Entered a sewer
  3334 | Sewer    | Reached skill level 5 in Fighting
  4223 | D:4      | Reached XP level 7. HP: 49/55 MP: 0/0
  4223 | D:4      | Learned a level 2 spell: Passwall
  4443 | D:3      | Reached skill level 1 in Evocations
  5087 | D:4      | Reached skill level 6 in Fighting
  5812 | D:5      | Entered Level 5 of the Dungeon
  5820 | D:5      | Reached skill level 5 in Dodging
  6192 | D:5      | Found Uciafuos's Magic Scroll Boutique.
  6304 | D:5      | Reached XP level 8. HP: 49/62 MP: 0/0
  6411 | D:5      | Noticed Eustachio
  6490 | D:5      | Killed Eustachio
  6491 | D:5      | Reached skill level 7 in Fighting
  6558 | D:5      | Found a glowing golden altar of the Shining One.
  7031 | D:6      | Found a staircase to the Ecumenical Temple.
  7068 | Temple   | Entered the Ecumenical Temple
  7377 | Temple   | Became a worshipper of Makhleb the Destroyer
  7522 | D:6      | Found an opulent altar of Gozag.
  7659 | D:3      | Reached skill level 1 in Invocations
  8125 | D:5      | Reached skill level 8 in Fighting
  8125 | D:5      | Reached XP level 9. HP: 20/70 MP: 0/0
  8125 | D:5      | Learned a level 4 spell: Animate Dead
  8574 | D:6      | Found a shadowy altar of Dithmenos.
  9476 | D:8      | Identified a scroll of acquirement
  9477 | D:8      | Acquired the ring of Sunlight {rF- rN+ rCorr Str+5}
  9593 | D:8      | Noticed Erica
  9621 | D:8      | Noticed Pikel
  9632 | D:8      | Slain by a lemure

Illustrated notes

Levels and vault maps discovered:
D:1:      lemuel_arrival_muddy, layout_loops_corners
D:2:      layout_loops_ring, dreamdust_ecumenical_altar_angels_and_demons
D:3:      layout_basic, portal_sewer_entry_d, uniq_jessica
D:4:      layout_layer_cave, minmay_crossroads
D:5:      layout_cave_pools, amcnicky_altar_gilded, nicolae_inconvenience_store,
          uniq_eustachio
D:6:      layout_cave_pools, mainiacjoe_overflow_tiny_flanked,
          nicolae_dithmenos_through_a_glass_darkly, minmay_temple_entry_glass
D:7:      layout_basic, serial_shops, shop, st_stairs_10, nicolae_good_shop,
          uniq_duvessa
D:8:      layout_layer_cave, enter_bailey_4, uniq_maurice, uniq_pikel,
          uniq_erica
Temple:   dpeg_five_rooms_temple

Skill      XL: |  1  2  3  4  5  6  7  8  9 |
---------------+----------------------------+-----
Fighting       | 3 4 5 6 8 |  8.5
Dodging        | 3 4 5 6 |  6.7
Evocations     | 2 3 4 |  4.3
Invocations    | 1 2 |  2.8
Maces & Flails | |  1.5
Throwing       | |  0.7
Armour         | |  1.0
Spellcasting   | |  2.4

Action                   |  1- 3 |  4- 6 |  7- 9 || total
-------------------------+-------+-------+-------++-------
Melee: Mace              |   117 |    68 |       ||   185
       Rapier            |       |   112 |   298 ||   410
       Long sword        |       |       |    13 ||    13
 Cast: Pain              |       |     2 |       ||     2
       Wereblood         |       |     3 |       ||     3
       Blink             |       |       |     2 ||     2
       Gell's Gravitas   |       |       |     1 ||     1
Evoke: Wand              |       |       |     2 ||     2
  Use: Potion            |       |     1 |     5 ||     6
       Scroll            |       |       |    15 ||    15
 Stab: Sleeping          |     1 |     2 |       ||     3
       Invisible         |       |       |     3 ||     3
Armor: Leather armour    |    41 |    80 |   174 ||   295
Dodge: Dodged            |    88 |   165 |   264 ||   517
       Rpst.: Long sword |       |       |     1 ||     1

Table legend: (Time is in decaauts)
 A = Elapsed time spent in this place.
 B = Non-inter-level travel time spent in this place.
 C = Inter-level travel time spent in this place.
 D = Time resting spent in this place.
 E = Time spent auto-exploring this place.
 F = Levels seen in this place.
 G = Mean time per level.
                   A        B        C        D        E       F      G
               +--------+--------+--------+--------+--------+-----+--------+
         Total |   9798 |   9312 |    486 |   2005 |   5016 |  10 |  979.8 |
       Dungeon |   9120 |   8713 |    407 |   2005 |   4627 |   8 | 1140.0 |
        Temple |    338 |    259 |     79 |      0 |    258 |   1 |  338.0 |
         Sewer |    338 |    338 |      0 |      0 |    131 |   1 |  338.0 |
               +--------+--------+--------+--------+--------+-----+--------+

Top non-repeatable levels by time:
     D:1: 1856 daAuts
     D:4: 1831 daAuts
     D:3: 1336 daAuts
     D:2: 1244 daAuts
     D:5: 1231 daAuts
     D:6: 903 daAuts
     D:7: 444 daAuts
  Temple: 338 daAuts
   Sewer: 338 daAuts
     D:8: 272 daAuts
